 Dungeon Crawl Stone Soup version 0.23.0 (webtiles) character file.

Game seed: 13622802362081935886

56 Infinimo the Cudgeler (level 3, -3/33 HPs)
             Began as a Minotaur Berserker on Feb 12, 2019.
             Was a Believer of Trog.
             Slain by Grinder (5 damage)
             ... on level 3 of the Dungeon.
             The game lasted 00:01:29 (2051 turns).

Infinimo the Cudgeler (Minotaur Berserker)          Turns: 2051, Time: 00:01:30

Health: -3/33      AC:  4    Str: 21    XL:     3   Next: 71%
Magic:  2/2        EV: 12    Int:  5    God:    Trog [**....]
Gold:   73         SH:  0    Dex:  9    Spells: 2/2 levels left

rFire    . . .     SeeInvis .   a - +0 mace
rCold    . . .     Gourm    .   (no shield)
rNeg     . . .     Faith    .   b - +0 animal skin
rPois    .         Spirit   .   (helmet restricted)
rElec    .         Reflect  .   j - +0 cloak
rCorr    .         Harm     .   (no gloves)
MR       .....                  q - +0 pair of boots
Stlth    +.........             (no amulet)
HPRegen  0.11/turn              (no ring)
MPRegen  0.08/turn              (no ring)

@: berserk cooldown, slowed, very slow
A: retaliatory headbutt, horns 2
a: Berserk, Trog's Hand, Renounce Religion


You were on level 3 of the Dungeon.
You worshipped Trog.
Trog was pleased with you.
You were very hungry.

You visited 1 branch of the dungeon, and saw 3 of its levels.

You collected 73 gold pieces.

Inventory:

Hand Weapons
 a - a +0 mace (weapon)
Armour
 b - a +0 animal skin (worn)
 j - a +0 cloak (worn)
 q - a +0 pair of boots (worn)
Jewellery
 g - an uncursed ring of protection from magic {unknown}
Scrolls
 f - a scroll of remove curse {unknown}
 h - 7 scrolls of identify
 i - a scroll of fear {unknown}
 k - a scroll of enchant armour {unknown}
 o - a scroll of teleportation {unknown}
Potions
 d - a potion of might {unknown}
 e - a potion of curing {unknown}
 l - 2 potions of degeneration {unknown}
 m - 2 potions of flight
 p - a potion of mutation {unknown}
 r - a potion of agility {unknown}
 s - a potion of resistance {unknown}
Comestibles
 c - 7 rations
 n - 3 chunks of flesh


   Skills:
 + Level 4.2 Fighting
 * Level 4.8 Maces & Flails
 + Level 3.2 Armour
 - Level 2.1 Dodging


You had 2 spell levels left.
You didn't know any spells.
Your spell library was empty.

Dungeon Overview and Level Annotations

Branches:
Dungeon (3/15)

Altars:

Annotations:
D:3 Grinder


Innate Abilities, Weirdness & Mutations

You reflexively headbutt those who attack you in melee.
You have a pair of horns on your head.


Message History

Pain shoots through your body!
Grinder is moderately wounded.
You are no longer berserk.
You are exhausted.
You feel yourself slow down. Grinder hits you!
You hit Grinder. You headbutt Grinder.
Grinder is heavily wounded.
Grinder hits you!
You writhe in agony.
* * * LOW HITPOINT WARNING * * *
You are too injured to fight recklessly!
You are too injured to fight recklessly!
You are too injured to fight recklessly!
You are too injured to fight recklessly!
As you read the scroll labeled VEXESU SIUTIFA, it crumbles to dust.
It is a scroll of identify.
m - 2 potions of flight Grinder hits you!
* * * LOW HITPOINT WARNING * * *
You writhe in agony.
You die...

#### . #...# .. #
#....# # .. .
...#.#.###.# #
#..##.#b.. #
#..##.#K## #
#..##.@5.##.# ##
#...(.......# .#
##.#.....##... .#
#########.#..#.## #
.###..>รท.....#..#.#
.....##.##.#.......
.....##.##.###.#####
........##.# #<#
......####.# #.#


You could see Grinder, a bat and a kobold.

Vanquished Creatures
  An adder (D:3)
  A worm (D:2)
  A dart slug (D:1)
  An orc (D:3)
  2 ball pythons
  2 giant cockroaches (D:1)
  4 goblins
  8 hobgoblins
  3 jackals (D:2)
  3 kobolds
  A quokka (D:2)
  A bat (D:2)
  4 frilled lizards (D:3)
  8 rats
40 creatures vanquished.

Notes
Turn   | Place    | Note
-------+----------+-------------------------------------------
     0 | D:1      | Infinimo the Minotaur Berserker began the quest for the
                  | Orb.
     0 | D:1      | Reached XP level 1. HP: 19/19 MP: 0/0
   146 | D:1      | Reached XP level 2. HP: 25/27 MP: 1/1
  1393 | D:2      | Reached XP level 3. HP: 25/33 MP: 2/2
  2007 | D:3      | Reached ** piety under Trog
  2035 | D:3      | Noticed Grinder
  2042 | D:3      | Paralysed by Grinder for 2 turns
  2051 | D:3      | Slain by Grinder

Skill      XL: |  1  2 |
---------------+-------+-----
Maces & Flails | 4 |  4.8
Fighting       | 4 |  4.2
Armour         | 3 |  3.2
Dodging        | |  2.1

Action                   || total
-------------------------++-------
Melee: Mace              ||    85
       Headbutt          ||     9
Invok: Berserk           ||     1
  Use: Scroll            ||     1
  Eat: Chunk             ||     3
Armor: Animal skin       ||    22
Dodge: Dodged            ||    57
